AoeStats
← Gen ALPHA RIZZLER 67

Arena

510338730Analyzed
4v4 RM · 1d ago on Sep 30, 2026· 44m 50s· 8 players
Game mode
Random Map
Map size
Large (8 player)
Population
200
Speed
Normal
Resources
Standard
Victory
Conquest
Starting age
Dark Age
Ending age
Imperial Age
RankedLock teamsTeams togetherTeam positionsShared explorationLock speedFull tech treeHidden civsTurbo modeCheats
Victory
Defeat
🇬🇧 Cumans · United Kingdom
1290
+14
🇹🇷 Teutons · Türkiye
1273
+15
🇫🇷 Italians · France
1263
+15
🇩🇪 Persians · Germany
1236
+16
🇹🇼 Tatars · Taiwan
1278
-16
🇨🇱 Magyars · Chile
1261
-16
🇹🇼 Persians · Taiwan
1259
-16
🇩🇪 Burgundians · Germany
1174
-12
Demshredz
1:15 Loom
10:58 Feudal Age
11:43 Horse Collar
17:12 Castle Age
18:03 Bloodlines
18:41 Scale Barding Armor
18:46 Forging
18:59 Heavy Plow
18:47 Double-Bit Axe
27:10 Gold Mining
27:11 Stone Mining
28:39 Bow Saw
30:45 Wheelbarrow
30:49 Gold Shaft Mining
30:52 Stone Shaft Mining
32:05 Fletching
32:46 Chain Barding Armor
34:24 Iron Casting
34:47 Hand Cart
38:55 Imperial Age
37:09 Bodkin Arrow
38:20 Husbandry
38:32 Elite War Elephant
39:33 Conscription
40:53 Plate Barding Armor
42:32 Blast Furnace
44:49 Ballistics
zeeena
4:59 Loom
8:57 Feudal Age
9:34 Double-Bit Axe
14:56 Fletching
27:34 Castle Age
25:55 Gold Mining
25:55 Stone Mining
25:47 Horse Collar
26:26 Town Watch
27:18 Wheelbarrow
27:07 Stone Mining
27:53 Capped Ram
28:59 Bow Saw
30:34 Heavy Plow
32:20 Gold Shaft Mining
35:47 Imperial Age
33:34 Hand Cart
33:10 Pikeman
35:20 Squires
35:39 Forging
35:35 Scale Mail Armor
36:58 Iron Casting
36:42 Cuman Mercenaries
37:37 Halberdier
39:02 Conscription
38:43 Steppe Husbandry
38:45 Padded Archer Armor
40:10 Bodkin Arrow
40:30 Leather Archer Armor
41:16 Blast Furnace
40:31 Chain Mail Armor
42:21 Crop Rotation
42:58 Two-Man Saw
43:02 Ring Archer Armor
42:38 Scale Barding Armor
43:10 Siege Ram
45:55 Plate Mail Armor
Gen ALPHA RIZZLER 67
8:00 Loom
10:17 Feudal Age
11:07 Double-Bit Axe
14:32 Castle Age
12:18 Horse Collar
16:05 Scale Barding Armor
21:50 Bow Saw
25:52 Wheelbarrow
25:29 Heavy Plow
26:25 Gold Mining
26:25 Stone Mining
27:22 Hand Cart
30:36 Imperial Age
29:07 Scale Mail Armor
29:17 Forging
30:25 Chain Mail Armor
31:08 Chain Barding Armor
30:49 Cavalier
32:16 Bloodlines
34:01 Plate Barding Armor
34:23 Paladin
36:26 Chemistry
36:24 Pikeman
38:57 Plate Mail Armor
39:08 Plate Barding Armor
38:27 Halberdier
39:56 Siege Engineers
40:49 Plate Mail Armor
40:03 Paladin
40:38 Fletching
43:47 Iron Casting
46:00 Blast Furnace
Psychedelonaut
8:55 Loom
10:41 Feudal Age
15:20 Castle Age
13:17 Double-Bit Axe
13:26 Fletching
16:13 Wheelbarrow
16:48 Bodkin Arrow
25:11 Town Watch
30:57 Imperial Age
29:09 Horse Collar
29:36 Padded Archer Armor
30:29 Ballistics
31:15 Bow Saw
31:35 Leather Archer Armor
32:09 Conscription
31:54 Bracer
34:18 Chemistry
33:53 Ring Archer Armor
34:54 Hoardings
37:31 Squires
38:55 Arson
39:22 Forging
39:12 Scale Mail Armor
40:41 Iron Casting
42:11 Chain Mail Armor
45:16 Hand Cart
Hundeknacker
11:54 Feudal Age
14:16 Double-Bit Axe
19:47 Castle Age
18:29 Horse Collar
18:45 Gold Mining
18:47 Stone Mining
27:27 Scale Barding Armor
29:19 Wheelbarrow
29:03 Bloodlines
29:31 Bow Saw
29:24 Heavy Plow
31:14 Hand Cart
31:23 Chain Barding Armor
31:33 Husbandry
32:24 Loom
32:25 Town Watch
32:55 Hand Cart
33:23 Gold Shaft Mining
36:38 Imperial Age
36:49 Fletching
36:50 Cavalier
38:12 Plate Barding Armor
38:00 Conscription
38:18 Paladin
40:30 Caravan
Not.MbL
9:58 Feudal Age
14:35 Castle Age
12:37 Double-Bit Axe
12:51 Horse Collar
15:27 Bow Saw
17:09 Wheelbarrow
17:32 Wheelbarrow
18:57 Heavy Plow
21:06 Hand Cart
27:35 Gold Mining
27:36 Stone Mining
31:10 Imperial Age
29:59 Ballistics
29:50 Masonry
29:36 Murder Holes
30:21 Scale Barding Armor
30:26 Forging
30:08 Fletching
30:18 Padded Archer Armor
33:17 Chemistry
32:48 Architecture
33:10 Bloodlines
33:01 Husbandry
32:22 Cavalier
33:00 Onager
34:30 Gold Shaft Mining
34:28 Crop Rotation
35:01 Two-Man Saw
34:41 Bodkin Arrow
35:01 Leather Archer Armor
35:20 Conscription
35:00 Kamandaran
35:44 Thumb Ring
35:00 Crossbowman
35:34 Elite Skirmisher
36:52 Ring Archer Armor
36:58 Iron Casting
36:43 Chain Barding Armor
40:45 Loom
43:32 Heavy Camel Rider
silkroad
11:15 Feudal Age
9:41 Loom
14:54 Castle Age
23:41 Double-Bit Axe
23:51 Town Watch
23:58 Horse Collar
26:51 Wheelbarrow
28:36 Gold Mining
30:39 Hand Cart
31:02 Squires
32:18 Scale Mail Armor
37:53 Imperial Age
36:02 Forging
36:43 Gold Shaft Mining
39:07 Chain Mail Armor
40:23 Stone Mining
Not.Hera
10:18 Feudal Age
14:32 Castle Age
13:09 Double-Bit Axe
13:39 Horse Collar
16:24 Bow Saw
26:22 Wheelbarrow
28:47 Imperial Age
26:42 Gold Mining
26:54 Stone Mining
27:33 Fletching
30:31 Wheelbarrow
30:31 Bodkin Arrow
30:57 Ballistics
31:38 Chemistry
31:56 Loom
34:15 Chemistry
33:27 Masonry
34:46 Husbandry
34:57 Bloodlines
36:59 Scale Barding Armor
36:57 Bracer
37:37 Husbandry
36:58 Heavy Camel Rider
38:27 Chain Barding Armor
42:04 Plate Barding Armor
43:17 Herbal Medicine
43:38 Hand Cart
43:08 Town Watch
Connection lost

Rejoining the realm…

Still unreachable

The connection could not be restored.

Session expired

The server has moved on; the page needs a fresh start.